 Dungeon Crawl Stone Soup version 0.24.0-10-g970556be89 (console) character file.

Game seed: 8905885966110176239, levelgen mode: deterministic

628 AlterAsc the Ruffian (level 7, 9/52 HPs)
             Began as a Green Draconian Transmuter on Nov 4, 2019.
             Quit the game on level 4 of the Dungeon.
             The game lasted 00:13:17 (3996 turns).

AlterAsc the Ruffian (Green Draconian Transmuter)   Turns: 3996, Time: 00:13:18

Health: 9/52       AC: 10    Str: 13 (14) XL:     7   Next: 23%
Magic:  11/11      EV: 18    Int: 14      God:
Gold:   203        SH:  0    Dex:  6 (11) Spells: 10/13 levels left

rFire    . . .     SeeInvis .     - Unarmed
rCold    . . .     Gourm    .   (no shield)
rNeg     . . .     Faith    .   (armour unavailable)
rPois    +         Spirit   .   (helmet restricted)
rElec    .         Reflect  .   (no cloak)
rCorr    .         Harm     .   (no gloves)
MR       .....                  o - +0 pair of boots
Stlth    +.........             (no amulet)
HPRegen  0.17/turn              e - +6 ring of evasion
MPRegen  0.12/turn              r - +3 ring of protection

@: no status effects
A: breathe noxious fumes, unfitting armour, talons 1, deterioration 1, frail 1,
low mp 1, poison resistance, cold-blooded, AC +6
a: Breathe Noxious Fumes


You were on level 4 of the Dungeon.
You were not hungry.

You visited 1 branch of the dungeon, and saw 5 of its levels.
You also visited: Sewer.

You collected 203 gold pieces.

Inventory:

Missiles
 a - 39 arrows
Armour
 o - a +0 pair of boots (worn)
Magical Staves
 s - an uncursed staff of conjuration {unknown}
Jewellery
 e - a +6 ring of evasion (left hand)
 m - an uncursed ring of poison resistance {unknown}
 p - an uncursed ring of magical power {unknown}
 r - a +3 ring of protection (right hand)
Scrolls
 d - a scroll of identify
 g - a scroll of remove curse
 i - a scroll of amnesia
 j - a scroll of enchant armour {unknown}
 n - a scroll of fog
 q - 2 scrolls of blinking
 y - 3 scrolls of teleportation {unknown}
Potions
 b - a potion of agility
 f - 2 potions of flight
 k - a potion of haste
 u - a potion of might {unknown}
 v - a potion of brilliance
 w - a potion of curing {unknown}
 x - a potion of magic
Comestibles
 c - 13 rations
 h - 2 chunks of flesh


   Skills:
 + Level 3.9 Fighting
 + Level 3.5 Dodging
 + Level 4.6 Unarmed Combat
 + Level 3.7 Spellcasting
 + Level 3.9 Transmutations


You had 10 spell levels left.
You knew the following spells:

 Your Spells              Type           Power        Failure   Level  Hunger
a - Beastly Appendage     Tmut           ##....       4%          1    None
b - Sticks to Snakes      Tmut           ##......     6%          2    ##.....

Your spell library contained the following spells:

 Spells                   Type           Power        Failure   Level  Hunger
 Animate Skeleton         Necr           N/A          21%         1    None
 Apportation              Tloc           #.....       21%         1    None
 Confusing Touch          Hex            #.....       21%         1    None
 Summon Small Mammal      Summ           #...         21%         1    None
 Spider Form              Tmut/Pois      #.........   26%         3    ###....
 Ice Form                 Ice/Tmut       #.......     65%         4    ####...
 Blade Hands              Tmut           ##........   73%         5    ######.


Dungeon Overview and Level Annotations

Branches:
Dungeon (5/15)              Sewer (visited)
 Temple: D:4-7

Altars:

Annotations:
D:4 3 runed translucent doors, tonywhite87's ghost, amateur DsAK
D:5 Pikel


Innate Abilities, Weirdness & Mutations

You can breathe blasts of noxious fumes.
Your lurid green scales are hard. (AC +6)
You cannot fit into any form of body armour.
Your system is resistant to poisons. (rPois)
You are cold-blooded and may be slowed by cold attacks.
You have sharp toenails.
Your body sometimes deteriorates upon taking damage.
You are frail. (-10% HP)
Your magical capacity is low. (-10% MP)


Message History

You closely miss the scorpion.
The scorpion is heavily wounded.
The slave misses you. The scorpion completely misses you.
You hit the scorpion but do no damage.
The scorpion is heavily wounded.
The slave misses you.
You closely miss the scorpion. You tail-slap the scorpion.
The scorpion is heavily wounded.
The scorpion closely misses you. The slave hits you.
* * * LOW HITPOINT WARNING * * *
You hit the scorpion.
The scorpion is severely wounded.
The scorpion misses you. The slave hits you but does no damage.
Okay, then.
Okay, then.
Are you sure you want to abandon this character and quit the game? (Confirm with "yes".)
Okay, then.
Are you sure you want to abandon this character and quit the game? (Confirm with "yes".)
Okay, then.
Are you sure you want to abandon this character and quit the game? (Confirm with "yes".)

########## #........#
#.######.# ####### #.# #.#
#.....#####.######.########
...##.#......[.s@p........#
........###.######.######.#
...#######..# #.# #.#
#.####≈⌠K##.# #.# ##.## #.#
#...KK#.# #.#####...####
#.##..###K+.######............#
#.##...KKK+.........####...##.#
#.##..###K+.#######.# ##.###.#
#.# #...WK#.# #.# #.# #.#


You could see a slave and a scorpion.

Vanquished Creatures
  Eustachio (D:4)
  2 big kobolds (Sewer)
  An orc priest (D:4)
  A hound (D:4)
  2 worker ants (D:4)
  An orc wizard (D:4)
  2 gnolls (D:3)
  7 adders
  2 river rats (Sewer)
  7 oozes
  An adder skeleton (D:4)
  3 worms
  3 dart slugs
  5 leopard geckos
  An orc (D:4)
  5 ball pythons
  6 giant cockroaches
  6 goblins
  4 hobgoblins
  2 jackals (D:3)
  3 quokkas
  6 bats
  A jackal skeleton (D:4)
  6 kobolds
  9 rats
87 creatures vanquished.

Vanquished Creatures (collateral kills)
  A worker ant (D:4)
  A gnoll (D:3)
2 creatures vanquished.

Vanquished Creatures (others)
  2 fungi (D:4)
  2 plants (D:4)
4 creatures vanquished.

Grand Total: 93 creatures vanquished

Notes
Turn   | Place    | Note
-------+----------+-------------------------------------------
     0 | D:1      | AlterAsc the Draconian Transmuter began the quest for the
                  | Orb.
     0 | D:1      | Reached XP level 1. HP: 16/16 MP: 3/3
   184 | D:1      | Reached XP level 2. HP: 20/23 MP: 3/5
   509 | D:1      | Learned a level 2 spell: Sticks to Snakes
   702 | D:2      | Reached XP level 3. HP: 25/29 MP: 3/6
  1109 | D:3      | Reached XP level 4. HP: 35/36 MP: 4/7
  2173 | D:4      | Found a glowing drain.
  2177 | Sewer    | Entered a sewer
  2209 | Sewer    | Reached XP level 5. HP: 42/42 MP: 9/9
  2461 | Sewer    | Reached skill level 4 in Unarmed Combat
  2473 | Sewer    | Reached XP level 6. HP: 51/51 MP: 10/10
  2616 | D:4      | Gained mutation: Your body sometimes deteriorates upon
                  | taking damage. [potion of mutation]
  2616 | D:4      | Gained mutation: You are frail. (-10% HP) [potion of
                  | mutation]
  2616 | D:4      | Gained mutation: Your magical capacity is low. (-10% MP)
                  | [potion of mutation]
  2616 | D:4      | Gained mutation: You have sharp toenails. [potion of
                  | mutation]
  2639 | D:4      | HP: 3/67 [poisoned by a worker ant]
  2645 | D:4      | HP: 3/67 [poisoned by a worker ant]
  2651 | D:4      | HP: 3/67 [poisoned by a worker ant]
  2656 | D:4      | HP: 1/45 [poisoned by a worker ant]
  3301 | D:4      | Found a runed translucent gate.
  3301 | D:4      | Found a runed translucent gate.
  3301 | D:4      | Found a runed translucent gate.
  3301 | D:4      | Noticed tonywhite87's ghost (amateur DsAK)
  3328 | D:4      | Noticed Eustachio
  3415 | D:4      | Killed Eustachio
  3415 | D:4      | Your scales start taking on a lurid green colour.
  3415 | D:4      | Reached XP level 7. HP: 52/52 MP: 6/11
  3415 | D:4      | Gained mutation: Your system is resistant to poisons.
                  | (rPois) [Green Draconian growth]
  3964 | D:5      | Entered Level 5 of the Dungeon
  3964 | D:5      | Noticed Pikel
  3969 | D:5      | Paralysed by Pikel for 6 turns
  3996 | D:4      | Quit the game

Levels and vault maps discovered:
D:1:      dpeg_arrival_tiny_a, layout_basic
D:2:      layout_rooms, first_ration, hangedman_decor_push, st_stairs_11
D:3:      layout_loops_ring, kennysheep_generic_room_12
D:4:      layout_loops_ring, gup_sewer_entry_bowl,
          gammafunk_ghost_nasty_kobolds, uniq_eustachio
D:5:      kennysheep_kobold_camp, layout_layer_cave, minmay_temple_entry_grid,
          serial_shops, nicolae_shop_stone, kennysheep_little_box, uniq_ijyb,
          uniq_blork_the_orc, uniq_pikel, uniq_duvessa

Skill      XL: |  1  2  3  4  5 |
---------------+----------------+-----
Dodging        | 2 3 |  3.5
Fighting       | 2 3 |  3.9
Transmutations | 3 |  3.9
Unarmed Combat | 4 |  4.6
Spellcasting   | 3 |  3.7

Action                   |  1- 3 |  4- 6 |  7- 9 || total
-------------------------+-------+-------+-------++-------
Melee: Unarmed           |   121 |   273 |    58 ||   452
       Tailslap          |    11 |    28 |     4 ||    43
       Kick              |     7 |     1 |       ||     8
       Headbutt          |     6 |    17 |     6 ||    29
       Punch             |       |     1 |       ||     1
 Cast: Beastly Appendage |    17 |    23 |     6 ||    46
       Sticks to Snakes  |     3 |     7 |       ||    10
 Abil: Breathe Noxious F |       |       |     2 ||     2
  Use: Scroll            |       |     7 |       ||     7
       Potion            |       |     9 |       ||     9
 Stab: Sleeping          |     1 |       |       ||     1
  Eat: Chunk             |     1 |     8 |     3 ||    12
Armor: Skin              |    23 |    61 |    23 ||   107
Dodge: Dodged            |   111 |   214 |    56 ||   381
